 Dungeon Crawl Stone Soup version 0.24.1-14-gf8d2b509d9 (webtiles) character file.

Game seed: 2189462181962333476, levelgen mode: deterministic

50150 Froggeryz the Covert (level 14, -3/106 HPs)
             Began as an Octopode Berserker on Apr 19, 2022.
             Was a High Priest of Trog.
             Slain by a death yak (26 damage)
             ... on level 5 of the Lair of Beasts on Apr 20, 2022.
             The game lasted 00:37:43 (25537 turns).

Froggeryz the Covert (Octopode Berserker)          Turns: 25537, Time: 00:37:44

Health: -3/106     AC:  7    Str: 16    XL:     14   Next: 53%
Magic:  7/14       EV: 23    Int: 10    God:    Trog [*****.]
Gold:   1262       SH:  0    Dex: 26    Spells: 13/13 levels left

rFire    . . .     SeeInvis +   D - +2 dagger (venom)
rCold    . . .     Gourm    .   (no shield)
rNeg     . . .     Faith    .   w - +2 hat
rPois    +         Spirit   .   (no amulet)
rElec    .         Reflect  .   j - ring of see invisible
rCorr    .         Harm     .   K - +5 ring of dexterity
MR       +....                  r - +4 ring of protection
Stlth    ++++++++..             F - +5 ring of dexterity
HPRegen  0.27/turn              N - ring of stealth
MPRegen  0.14/turn              P - ring of poison resistance
                                (no ring)
                                (no ring)

@: no status effects
A: almost no armour, stealthy swim, amphibious, 8 rings, constrict 8, camouflage
1, gelatinous body 1
a: Berserk, Trog's Hand, Brothers in Arms, Renounce Religion


You were on level 5 of the Lair of Beasts.
You worshipped Trog.
Trog was extremely pleased with you.
You were hungry.

You visited 2 branches of the dungeon, and saw 17 of its levels.

You collected 1262 gold pieces.

Inventory:

Hand Weapons
 i - a +1 short sword of draining
 x - a +2 dagger of electrocution
 D - a +2 dagger of venom (weapon)
 Z - a +5 antimagic quick blade
Missiles
 k - 23 boomerangs (quivered)
 l - 20 javelins
 o - 115 poisoned darts
 z - 9 silver boomerangs
 B - 6 curare-tipped darts
Armour
 w - a +2 hat (worn)
Jewellery
 j - a ring of see invisible (left tentacle)
 r - a +4 ring of protection (on tentacle)
 F - a +5 ring of dexterity (on tentacle)
 K - a +5 ring of dexterity (right tentacle)
 M - an uncursed ring of ice
 N - a ring of stealth (on tentacle)
 P - a ring of poison resistance (on tentacle)
Wands
 f - a wand of paralysis (4)
 v - a wand of polymorph (6)
 y - a wand of random effects (53)
 E - a wand of acid (6)
 J - a wand of scattershot (4)
 R - a wand of flame (11)
 V - a wand of enslavement (3)
Scrolls
 a - 7 scrolls of teleportation
 e - 2 scrolls of blinking
 m - a scroll of magic mapping
 q - 3 scrolls of enchant armour
 t - 7 scrolls of remove curse
 u - a scroll of fear
 A - 5 scrolls of immolation
 G - a scroll of holy word
 L - a scroll of summoning
 Q - 2 scrolls of identify
 U - a scroll of silence
 X - a scroll of fog
Potions
 c - 3 potions of invisibility
 g - 4 potions of flight
 h - 7 potions of heal wounds
 n - 12 potions of curing
 p - 2 potions of mutation
 s - 2 potions of cancellation
 C - a potion of berserk rage
 H - a potion of haste
 I - 5 potions of lignification
 O - a potion of brilliance
 S - a potion of magic
 W - a potion of resistance
Miscellaneous
 T - a phial of floods
Comestibles
 b - 36 rations


   Skills:
 + Level 13.0 Fighting
 - Level 12.2 Short Blades
 - Level 12.0 Throwing
 * Level 10.0 Dodging
 - Level 13.0 Stealth


You had 13 spell levels left.
You didn't know any spells.
Your spell library was empty.

Dungeon Overview and Level Annotations

Branches:
Dungeon (11/15)            Temple (0/1) D:7            Lair (6/6) D:11
 Shoals (0/4) Lair:4       Spider (0/4) Lair:3        Slime (0/5) Lair:5
    Orc (0/2) D:10

Altars:
Ashenzari
Cheibriados
Dithmenos
Kikubaaqudgha
Makhleb
Okawaru
Xom
Yredelemnul
The Shining One
Jiyva

Shops:
D:5 (   D:7 (

Annotations:
Lair:1 exclusion: oklob plant


Innate Abilities, Weirdness & Mutations

You cannot wear most types of armour.
You are very stealthy in the water. (Stealth+)
You are amphibious.
You can wear up to eight rings at the same time.
You can use your tentacles to constrict eight enemies at once.
Your skin changes colour to match your surroundings (Stealth+).
Your rubbery body absorbs attacks. (AC +1, EV +1)


Message History

The death yak misses you.
There is a stone staircase leading up here.
The death yak gores you!
The death yak gores you but does no damage.
You climb upwards.
There is a stone staircase leading down here.
You feel magic returning to you.
Your +2 dagger of venom begins to drip with poison!
D - a +2 dagger of venom (weapon)
The death yak misses you. The death yak gores you!!
The death yak closely misses you. The death yak barely misses you.
The death yak barely misses you. The death yak gores you!!
* * * LOW HITPOINT WARNING * * *
You are feeling hungry.
The death yak gores you!!
* * * LOW HITPOINT WARNING * * *
You feel much better. The death yak gores you!!
You die...

#.............................
#.......P.......P..P##........
##............................
#P..............#.............
#......#####.................P
#.....#######.................
#...#.##...##Y#.............P.
#P....##.>.##Y................
##....'._..##@#...#.....#..#.#
#.....#######.....###....#.P.#
#.....## ##.................
#......#####...#...........P#.
##.###...........#..........##
##............................
#...#.#.P.P...........P.......
#.............................
#..............P..P....#.#.###


You could see 2 death yaks.

Vanquished Creatures
  Rupert (Lair:3)
  2 entropy weavers (Lair:5)
  Fannar (D:11)
  4 hydras
  A catoblepas (Lair:4)
  A two-headed ogre (D:6)
  7 death yaks
  A queen ant (Lair:5)
  Nergalle (D:11)
  A skeletal warrior (D:9)
  Pikel (D:9)
  A wolf spider (Lair:6)
  2 ugly things (D:11)
  6 elephants
  7 black mambas
  A guardian serpent (Lair:6)
  14 spiny frogs
  2 molten gargoyles (Lair:3)
  A rime drake (Lair:2)
  7 komodo dragons
  2 trolls
  Prince Ribbit (D:5)
  2 polar bears
  4 hornets
  2 dream sheep (Lair:5)
  8 blink frogs (Lair:2)
  11 hippogriffs
  2 redbacks (Lair:6)
  17 yaks
  10 wyverns (Lair:6)
  Sigmund (D:5)
  A basilisk (Lair:2)
  Menkaure (D:5)
  Edmund (D:6)
  27 soldier ants
  Duvessa (D:4)
  17 water moccasins
  6 porcupines
  4 slaves (D:9)
  5 ice beasts
  6 orc warriors
  5 sky beasts
  5 ogres
  A phantom (D:5)
  4 centaurs
  9 crocodiles
  Blork the orc (D:5)
  5 bullfrogs
  A big kobold (D:7)
  Dowan (D:4)
  5 scorpions
  5 killer bees
  An electric eel (Lair:1)
  7 howler monkeys
  5 lava snakes (Lair:3)
  5 crimson imps
  A bullfrog zombie (D:6)
  A quasit (D:10)
  4 jellies
  9 orc priests
  9 hounds
  18 orc wizards
  Crazy Yiuf (D:2)
  2 bullfrog skeletons
  Jessica (D:2)
  11 iguanas
  20 worker ants
  A killer bee zombie (D:9)
  A hound skeleton (D:4)
  6 adders
  A howler monkey skeleton (D:7)
  A shadow imp (D:6)
  3 oozes
  3 adder skeletons (D:6)
  A worm (D:4)
  4 dart slugs
  6 leopard geckos
  49 orcs
  7 bats
  2 bat zombies (D:8)
  6 giant cockroaches
  8 goblins
  10 hobgoblins
  3 jackals (D:2)
  10 kobolds
  A quokka (D:3)
  4 ball pythons
  6 frilled lizards
  A giant cockroach zombie (D:6)
  A leopard gecko skeleton (D:5)
  A quokka zombie (D:6)
  4 rats
  2 rat zombies (D:8)
  A butterfly (D:5)
  A fungus (Lair:6)
  A plant (Lair:1)
473 creatures vanquished.

Vanquished Creatures (others)
  A black mamba (Lair:6)
  A butterfly (Lair:1)
  49 fungi
  65 plants
116 creatures vanquished.

Grand Total: 589 creatures vanquished

Notes
Turn   | Place    | Note
-------+----------+-------------------------------------------
     0 | D:1      | Froggeryz the Octopode Berserker began the quest for the
                  | Orb.
     0 | D:1      | Reached XP level 1. HP: 16/16 MP: 1/1
    81 | D:1      | Reached skill level 1 in Stealth
    84 | D:1      | Reached XP level 2. HP: 9/21 MP: 2/2
   759 | D:1      | Reached XP level 3. HP: 26/26 MP: 3/3
  1067 | D:2      | Found a snail-covered altar of Cheibriados.
  1096 | D:2      | Reached ** piety under Trog
  1281 | D:2      | Found a shattered altar of Ashenzari.
  1294 | D:2      | Reached XP level 4. HP: 28/31 MP: 4/4
  1359 | D:2      | Found a runed translucent door.
  1360 | D:2      | Noticed Crazy Yiuf
  1781 | D:2      | Noticed Jessica
  1795 | D:2      | Killed Jessica
  2021 | D:2      | Killed Crazy Yiuf
  2021 | D:2      | Reached XP level 5. HP: 36/36 MP: 5/5
  2256 | D:3      | Found a burning altar of Makhleb.
  2349 | D:3      | Reached skill level 5 in Short Blades
  2681 | D:3      | Reached XP level 6. HP: 42/42 MP: 6/6
  2877 | D:3      | Found an iron altar of Okawaru.
  2993 | D:4      | Reached *** piety under Trog
  3097 | D:4      | Reached skill level 5 in Stealth
  3449 | D:4      | Reached XP level 7. HP: 19/46 MP: 7/7
  3654 | D:4      | Noticed Dowan
  3659 | D:4      | Noticed Duvessa
  3672 | D:4      | Killed Duvessa
  3677 | D:4      | Killed Dowan
  4192 | D:5      | Entered Level 5 of the Dungeon
  4201 | D:5      | Reached skill level 1 in Throwing
  4203 | D:5      | Identified Gausy's Grimoire of Earth and Feathers
  4256 | D:5      | Noticed Prince Ribbit
  4263 | D:5      | Killed Prince Ribbit
  4263 | D:5      | Reached XP level 8. HP: 52/52 MP: 8/8
  4309 | D:5      | Noticed Sigmund
  4316 | D:5      | Killed Sigmund
  4332 | D:5      | Found a shimmering altar of Xom.
  4349 | D:5      | Noticed Menkaure
  4353 | D:5      | Killed Menkaure
  4820 | D:5      | Noticed Blork the orc
  4827 | D:5      | Killed Blork the orc
  5031 | D:5      | Found Geptocs's Antique Weapon Boutique.
  5505 | D:6      | Reached XP level 9. HP: 52/56 MP: 9/9
  5573 | D:6      | Noticed Edmund
  5579 | D:6      | Killed Edmund
  5594 | D:6      | Reached **** piety under Trog
  5600 | D:6      | Reached skill level 10 in Short Blades
  6288 | D:6      | Found a glowing golden altar of the Shining One.
  6389 | D:6      | Noticed a two-headed ogre
  6398 | D:6      | Killed a two-headed ogre
  6398 | D:6      | Reached skill level 5 in Fighting
  6989 | D:6      | Reached XP level 10. HP: 49/67 MP: 10/10
  7122 | D:7      | Found Istrigo's Weapon Shop.
  7234 | D:7      | Found a staircase to the Ecumenical Temple.
  7465 | D:7      | Received a gift from Trog
  7984 | D:7      | Found a basalt altar of Yredelemnul.
  8255 | D:7      | Reached ***** piety under Trog
  8255 | D:7      | Received a gift from Trog
  9041 | D:8      | Found a shadowy altar of Dithmenos.
  9450 | D:8      | Received a gift from Trog
  9454 | D:8      | Found an ancient bone altar of Kikubaaqudgha.
  9996 | D:9      | Noticed Pikel
 10008 | D:9      | Killed Pikel
 10008 | D:9      | Reached skill level 5 in Throwing
 10008 | D:9      | Reached skill level 5 in Dodging
 10601 | D:9      | Noticed a skeletal warrior
 10605 | D:9      | Reached XP level 11. HP: 75/75 MP: 11/11
 10620 | D:9      | Killed a skeletal warrior
 10949 | D:10     | Entered Level 10 of the Dungeon
 11246 | D:10     | Found a staircase to the Orcish Mines.
 12616 | D:11     | Noticed a green ugly thing
 12621 | D:11     | Killed a green ugly thing
 12636 | D:11     | Noticed Nergalle
 12664 | D:11     | Killed Nergalle
 12664 | D:11     | Received a gift from Trog
 12974 | D:11     | Noticed a red ugly thing
 12981 | D:11     | Killed a red ugly thing
 13072 | D:11     | Noticed Fannar
 13076 | D:11     | Killed Fannar
 13271 | D:11     | Found a staircase to the Lair.
 13329 | Lair:1   | Entered Level 1 of the Lair of Beasts
 13777 | Lair:1   | Reached XP level 12. HP: 65/85 MP: 12/12
 14247 | Lair:1   | Noticed a six-headed hydra
 14255 | Lair:1   | Killed a six-headed hydra
 14844 | Lair:2   | Reached skill level 10 in Stealth
 15050 | Lair:2   | Received a gift from Trog
 15275 | Lair:2   | Reached skill level 10 in Fighting
 15990 | Lair:3   | Noticed Rupert
 15991 | Lair:3   | Noticed a death yak
 15995 | Lair:3   | Noticed a death yak
 16002 | Lair:3   | Noticed a death yak
 16003 | Lair:3   | Noticed a death yak
 16004 | Lair:3   | Noticed a death yak
 16007 | Lair:3   | Noticed a death yak
 16008 | Lair:3   | Noticed a death yak
 16021 | Lair:3   | Killed Rupert
 16126 | Lair:3   | Noticed a death yak
 16127 | Lair:3   | Noticed a death yak
 16165 | Lair:2   | Killed a death yak
 16165 | Lair:2   | Reached XP level 13. HP: 56/93 MP: 13/13
 16622 | Lair:3   | Found a hole to the Spider Nest.
 17651 | Lair:3   | Reached skill level 10 in Throwing
 18508 | Lair:4   | Found a staircase to the Shoals.
 19696 | Lair:5   | Found a viscous altar of Jiyva.
 19697 | Lair:5   | Found a staircase to the Slime Pits.
 19899 | Lair:5   | Noticed an entropy weaver
 20643 | Lair:5   | Received a gift from Trog
 21304 | Lair:5   | Killed an entropy weaver
 21994 | Lair:6   | Entered Level 6 of the Lair of Beasts
 22402 | Lair:6   | Reached XP level 14. HP: 99/103 MP: 14/14
 22620 | Lair:6   | Received a gift from Trog
 23270 | Lair:5   | Noticed an entropy weaver
 23291 | Lair:5   | Killed an entropy weaver
 24366 | Lair:6   | Received a gift from Trog
 25150 | Lair:6   | Reached skill level 10 in Dodging
 25534 | Lair:5   | HP: 3/106 [death yak (25)]
 25537 | Lair:5   | Slain by a death yak

Levels and vault maps discovered:
D:1:      elethiomel_arrival_quiet, layout_basic
D:2:      layout_loops_ring, ashenzari_altar_1, kennysheep_slug_shrine,
          uniq_jessica, uniq_crazy_yiuf_cottage
D:3:      layout_rooms, lemuel_crystal_altar, nicolae_overflow_hidden_temple
D:4:      layout_loops_cross, first_ration, uniq_duvessa
D:5:      layout_basic, xom_butterflies, serial_shops, shop, uniq_sigmund,
          uniq_blork_the_orc, uniq_prince_ribbit1, uniq_menkaure
D:6:      layout_gridville, nicolae_tso_carved_into_rock, uniq_edmund
D:7:      minmay_flawed_box, layout_basic, lemuel_doored_altar,
          minmay_temple_entry_glass, serial_shops, shop
D:8:      layout_rooms, lemuel_zombie_altar_kikubaaqudgha,
          nicolae_dithmenos_shadow_blocks, hangedman_pestilent_swarm
D:9:      minmay_cornered_nines, layout_loops_ring, uniq_pikel
D:10:     layout_grid_maze, david_orc_2
D:11:     layout_roguey, grunt_lair_entry_orc_guard_hut, serial_corexii_hall,
          chequers_hall_statues_wall_a, chequers_hall_statues_y,
          corexii_hall_statues_s, uniq_nergalle, uniq_fannar
Lair:1:   layout_concentric_octagons, grunt_megastairs_2, lemuel_fruit_tree,
          infiniplex_staircase_pool, serial_bayou_shore_b,
          minmay_lair_oklob_chamber, lemuel_fruit_fields, lemuel_fruit_fields,
          serial_bayou_shore_a
Lair:2:   beast_lair_carwin_large_4, layout_loops_ring
Lair:3:   cheibrodos_magma_flow, layout_regular_city, dummy_spider_entry,
          uniq_rupert
Lair:4:   layout_gridlike, shoals_dummy_entry, minmay_stone_trees_medium,
          minmay_hedge_maze, nicolae_lair_yak_garden,
          infiniplex_staircase_pool_2
Lair:5:   layout_long_grid, dpeg_slime_entry_enclosed_altar, zaba_anthell
Lair:6:   hangedman_lair_tendril_chambers, layout_layer_cave, serial_bayou,
          serial_bayou_pond_b, serial_bayou_pond_d, serial_bayou_shore_b,
          serial_bayou_lagoon_a, serial_bayou_pond_e, serial_bayou_shore_b

Skill      XL: |  1  2  3  4  5  6  7  8  9 10 11 12 13 14 |
---------------+-------------------------------------------+-----
Stealth        | 1 2 3 4 5 6 8 11 13 | 13.0
Short Blades   | 4 5 6 8 9 11 12 | 12.2
Throwing       | 2 4 5 7 9 11 12 | 12.0
Fighting       | 5 7 9 10 12 13 | 13.0
Dodging        | 5 7 8 10 | 10.0

Action                   |  1- 3 |  4- 6 |  7- 9 | 10-12 | 13-15 || total
-------------------------+-------+-------+-------+-------+-------++-------
Melee: Short sword       |    65 |   117 |    16 |    12 |       ||   210
       Constrict         |    19 |    31 |    28 |    75 |    63 ||   216
       Tentacles         |     8 |    36 |    43 |   168 |   299 ||   554
       Dagger            |       |       |   158 |   546 |   539 ||  1243
       Quick blade       |       |       |       |       |   119 ||   119
Throw: Dart              |       |       |       |    13 |    13 ||    26
       Boomerang         |       |       |       |       |    89 ||    89
Invok: Berserk           |       |       |     4 |     5 |     5 ||    14
       Trog's Hand       |       |       |       |     3 |     3 ||     6
Evoke: Wand              |       |       |       |     2 |     8 ||    10
  Use: Scroll            |     2 |    10 |     1 |    20 |    11 ||    44
       Potion            |       |     1 |       |     2 |     1 ||     4
 Stab: Sleeping          |    11 |     8 |    14 |    51 |    14 ||    98
       Distracted        |       |       |       |     3 |     9 ||    12
       Paralysed         |       |       |       |     2 |       ||     2
       Petrified         |       |       |       |       |     1 ||     1
  Eat: Chunk             |     1 |     7 |    13 |    27 |    23 ||    71
       Ration            |       |       |       |     3 |     3 ||     6
Armor: Skin              |     1 |     7 |     4 |    35 |    35 ||    82
Dodge: Dodged            |    40 |    48 |    59 |   208 |   354 ||   709
